 Dungeon Sprint DCSS version 0.21.2 (webtiles) character file.

5200000 Fang the Axe Maniac (level 27, -21/249 HPs)
             Began as a Demonspawn Gladiator on Oct 9, 2018.
             Was the Champion of Makhleb.
             Demolished by a large bag of meat
             ... wielding a +9 giant spiked club
              (69 damage)
             ... in the Dungeon (Sprint VIII: "Arena of Blood").
             The game lasted 00:01:35 (52 turns).

Fang the Axe Maniac (Demonspawn Gladiator)            Turns: 52, Time: 00:01:36

Health: -21/249    AC: 20    Str: 29    XL:     27
Magic:  54/54      EV: 41    Int: 10    God:    Makhleb [******]
Gold:   0          SH:  0    Dex: 23    Spells: 80/80 levels left

rFire    . . .     SeeInvis .   l - +∞ Axe of Woe
rCold    . . .     Gourm    .   (shield currently unavailable)
rNeg     . . .     Faith    .   b - +0 leather armour
rPois    .         Spirit   .   c - +0 helmet
rElec    .         Reflect  .   (no cloak)
rCorr    .         Harm     .   (no gloves)
MR       ++...     NoTele   +   (boots unavailable)
Stlth    +++++++++.             (no amulet)
HPRegen  0.51/turn              (no ring)
MPRegen  0.34/turn              (no ring)

@: mighty, agile, sanguine armour
A: hooves 3, foul stench 2, powered by pain 3, augmentation 3, rot immunity,
sanguine armour 3
a: Minor Destruction, Lesser Servant of Makhleb, Major Destruction, Greater
Servant of Makhleb, Renounce Religion


You were in the Dungeon.
You worshipped Makhleb.
Makhleb was exalted by your worship.
You were not hungry.

You visited 1 branch

Inventory:

Hand Weapons
 a - a +0 war axe
 l - the +∞ Axe of Woe (weapon)
   (You found it in the Dungeon)
Missiles
 d - 3 throwing nets (quivered)
Armour
 b - a +0 leather armour (worn)
 c - a +0 helmet (worn)
Scrolls
 k - a scroll of blinking
Potions
 e - a potion of curing
 g - a potion of heal wounds
 h - a potion of haste
 i - 2 potions of magic
 j - a potion of berserk rage
Comestibles
 f - a ration


   Skills:
 O Level 27 Fighting
 O Level 27 Axes
 O Level 27 Throwing
 O Level 27 Armour
 O Level 27 Dodging
 O Level 27 Stealth
 O Level 27 Unarmed Combat
 O Level 27 Spellcasting
 O Level 27 Invocations


You had 80 spell levels left.
You didn't know any spells.

Dungeon Overview and Level Annotations

Branches:
Dungeon (1/1)

Altars:
Makhleb

Annotations:
D The Servant


Innate Abilities, Weirdness & Mutations

You have hooves in place of feet.
You frequently emit foul miasma when damaged in melee.
You are powered by pain.
Your magical and physical power is greatly enhanced at high health.
You are immune to rotting.
When seriously injured, your bleeding wounds create very thick armour. (AC +12)


Message History

An accursed comes into view.
A meat berserker comes into view. It is wielding a +9 battleaxe.
You hear a shout!
The Servant hits you with a +9 glaive of flaming!!!
Your blood congeals into armour.
The Servant burns you!!
The Servant looks sick.
You emit a cloud of foul miasma!
You hear a shout!
The bag of meat closely misses you.
You hear a shout! x2
The destroyer hits you with a +9 great sword of slicing!!!!
* * * LOW HITPOINT WARNING * * *
You focus on the pain.
You feel mightier all of a sudden.
* * * LOW HITPOINT WARNING * * *
The destroyer completely misses you.
You hear a shout! x2
The bag of meat is engulfed in blazing flames.
Two crawling corpses merge to form a small abomination.
The large bag of meat hits you with a +9 giant spiked club!!!
You die...

..%.... .......
.......#.#.M....
.......%.......#
%..........%....
...X.X.X%.......
%.%..L§XX......
%....§§§§.x....
#..§o§XO# . .
#...O§@§# ...
..###..oxV@o###....
......###x).......
...O.._)%%)......
..%#....%#)......
.%.#_)<._#.......
.. #...O.#......#
......_..........
......###.........


You could see an accursed, a tentacled monstrosity, a tyrant, The Servant, a
destroyer, a large bag of meat (inner flame), 5 large abominations, 3 meat
berserkers, 3 small abominations and 3 bags of meat.

Vanquished Creatures
  10 vampire knights (D)
  15 ogres (D)
  4 two-headed ogres (D)
  44 orcs (D)
  A skeletal warrior (D)
  A large abomination (D)
  A small abomination (D)
  4 crawling corpses (D)
80 creatures vanquished.

Vanquished Creatures (others)
  2 crawling corpses (D)
2 creatures vanquished.

Grand Total: 82 creatures vanquished

Notes
Turn   | Place    | Note
-------+----------+-------------------------------------------
     0 | D        | Found the +∞ Axe of Woe
     0 | D        | Fang the Demonspawn Gladiator began the quest for the Orb.
     0 | D        | Reached XP level 1. HP: 16/16 MP: 1/1
     4 | D        | Became a worshipper of Makhleb the Destroyer
     5 | D        | Noticed a meat berserker
     6 | D        | Noticed a bag of meat
     7 | D        | Killed a meat berserker
     7 | D        | Gained mutation: You sometimes gain a little power by taking damage. [demonic ancestry]
     7 | D        | Reached XP level 2. HP: 38/38 MP: 2/2
     7 | D        | Reached XP level 3. HP: 44/44 MP: 3/3
     7 | D        | Reached XP level 4. HP: 51/51 MP: 4/4
     7 | D        | Gained mutation: You are immune to rotting. [demonic ancestry]
     7 | D        | Reached XP level 5. HP: 57/57 MP: 5/5
     7 | D        | Gained mutation: When seriously injured, your bleeding wounds create armour. (AC +12) [demonic ancestry]
     7 | D        | Reached XP level 6. HP: 64/64 MP: 6/6
     7 | D        | Gained mutation: You have large cloven feet. [demonic ancestry]
     7 | D        | Reached XP level 7. HP: 69/69 MP: 7/7
     7 | D        | Gained mutation: You sometimes gain power by taking damage. [demonic ancestry]
     7 | D        | Reached XP level 8. HP: 76/76 MP: 8/8
     7 | D        | Gained mutation: You are powered by pain. [demonic ancestry]
     7 | D        | Reached XP level 9. HP: 82/82 MP: 9/9
     7 | D        | Reached XP level 10. HP: 89/89 MP: 10/10
     7 | D        | Reached XP level 11. HP: 95/95 MP: 11/11
     7 | D        | Gained mutation: When seriously injured, your bleeding wounds create thick armour. (AC +12) [demonic ancestry]
     7 | D        | Reached XP level 12. HP: 102/102 MP: 12/12
     7 | D        | Reached XP level 13. HP: 107/107 MP: 13/13
     9 | D        | Noticed a bag of meat
    10 | D        | Noticed a bag of meat
    11 | D        | Noticed a bag of meat
    12 | D        | Noticed a meat berserker
    13 | D        | Noticed a bag of meat
    13 | D        | Noticed a meat berserker
    13 | D        | Noticed a meat berserker
    14 | D        | Noticed a bag of meat
    14 | D        | Noticed a bag of meat
    15 | D        | Noticed a bag of meat
    15 | D        | Killed a bag of meat
    15 | D        | Reached * piety under Makhleb
    15 | D        | Noticed a bag of meat
    16 | D        | Noticed a bag of meat
    16 | D        | Noticed a bag of meat
    16 | D        | Noticed a bag of meat
    16 | D        | Noticed a bag of meat
    16 | D        | Noticed a bag of meat
    16 | D        | Killed a meat berserker
    16 | D        | Reached XP level 14. HP: 86/121 MP: 14/14
    17 | D        | Noticed a bag of meat
    17 | D        | Killed a bag of meat
    17 | D        | Reached skill level 15 in Fighting
    17 | D        | Gained mutation: You have hoof-like feet. [demonic ancestry]
    17 | D        | Reached XP level 15. HP: 92/129 MP: 15/15
    17 | D        | Killed a meat berserker
    17 | D        | Reached ** piety under Makhleb
    18 | D        | Killed a meat berserker
    18 | D        | Reached skill level 27 in Axes
    18 | D        | Gained mutation: You may emit foul miasma when damaged in melee. [demonic ancestry]
    18 | D        | Reached XP level 16. HP: 143/143 MP: 16/16
    18 | D        | Reached skill level 27 in Dodging
    19 | D        | Reached *** piety under Makhleb
    19 | D        | Gained mutation: When seriously injured, your bleeding wounds create very thick armour. (AC +12) [demonic ancestry]
    19 | D        | Reached XP level 17. HP: 160/160 MP: 17/17
    20 | D        | Noticed a large bag of meat
    20 | D        | Noticed a meat berserker
    22 | D        | Noticed a destroyer
    22 | D        | Reached **** piety under Makhleb
    23 | D        | Reached skill level 27 in Fighting
    23 | D        | Gained mutation: You have hooves in place of feet. [demonic ancestry]
    23 | D        | Reached XP level 18. HP: 182/182 MP: 18/18
    23 | D        | Reached skill level 27 in Throwing
    24 | D        | Noticed a destroyer
    24 | D        | Reached ***** piety under Makhleb
    24 | D        | Reached skill level 10 in Armour
    24 | D        | Reached skill level 10 in Unarmed Combat
    24 | D        | Reached skill level 10 in Spellcasting
    24 | D        | Reached XP level 19. HP: 189/189 MP: 18/33
    25 | D        | Noticed a destroyer
    25 | D        | Killed a meat berserker
    25 | D        | Reached skill level 15 in Stealth
    25 | D        | Reached skill level 15 in Armour
    25 | D        | Reached skill level 15 in Unarmed Combat
    25 | D        | Reached skill level 15 in Spellcasting
    26 | D        | Noticed a meat berserker
    26 | D        | Killed a destroyer
    26 | D        | Reached XP level 20. HP: 197/197 MP: 18/41
    29 | D        | Noticed a large bag of meat
    29 | D        | Reached ****** piety under Makhleb
    30 | D        | Noticed a meat berserker
    30 | D        | Noticed a meat berserker
    30 | D        | Noticed a destroyer
    31 | D        | Noticed a large bag of meat
    31 | D        | Killed a large bag of meat
    31 | D        | Reached skill level 27 in Invocations
    31 | D        | Gained mutation: Your magical and physical power is slightly enhanced at high health. [demonic ancestry]
    31 | D        | Reached XP level 21. HP: 91/204 MP: 37/46
    34 | D        | Noticed a destroyer
    35 | D        | Noticed a destroyer
    35 | D        | Gained mutation: Your magical and physical power is enhanced at high health. [demonic ancestry]
    35 | D        | Reached XP level 22. HP: 131/212 MP: 50/50
    36 | D        | Noticed a destroyer
    36 | D        | Reached skill level 27 in Stealth
    37 | D        | Noticed a destroyer
    38 | D        | Noticed a large bag of meat
    38 | D        | Reached skill level 27 in Armour
    38 | D        | Reached skill level 27 in Unarmed Combat
    38 | D        | Reached skill level 27 in Spellcasting
    38 | D        | Killed a destroyer
    38 | D        | Reached XP level 23. HP: 219/219 MP: 50/54
    39 | D        | Killed a large bag of meat
    39 | D        | Gained mutation: Your magical and physical power is greatly enhanced at high health. [demonic ancestry]
    39 | D        | Reached XP level 24. HP: 202/227 MP: 51/54
    39 | D        | Killed a destroyer
    40 | D        | Noticed The Servant
    40 | D        | Killed a destroyer
    40 | D        | Killed a destroyer
    40 | D        | Gained mutation: You frequently emit foul miasma when damaged in melee. [demonic ancestry]
    40 | D        | Reached XP level 25. HP: 234/234 MP: 51/54
    40 | D        | Killed a large bag of meat
    41 | D        | Killed a destroyer
    42 | D        | Reached XP level 26. HP: 242/242 MP: 54/54
    43 | D        | Noticed a destroyer
    43 | D        | Noticed a destroyer
    43 | D        | Killed a destroyer
    44 | D        | Reached XP level 27. HP: 249/249 MP: 54/54
    46 | D        | Noticed a destroyer
    46 | D        | Killed a destroyer
    48 | D        | Killed a destroyer
    49 | D        | Noticed a tyrant
    49 | D        | Killed a destroyer
    49 | D        | Killed a large bag of meat
    51 | D        | Noticed a large bag of meat
    52 | D        | Noticed an accursed
    52 | D        | Demolished by a large bag of meat

Skill      XL: |  1  2  3  4  5  6  7  8  9 10 11 12 13 14 15 16 17 18 19 20 21 22 |
---------------+-------------------------------------------------------------------+-----
Fighting       | 11 14 15 17 22 27 | 27.0
Axes           | 18 22 23 27 | 27.0
Throwing       | 11 13 16 19 24 27 | 27.0
Dodging        | 18 22 23 26 27 | 27.0
Armour         | 10 17 21 24 27 | 27.0
Stealth        | 11 19 23 26 27 | 27.0
Unarmed Combat | 10 17 21 24 27 | 27.0
Spellcasting   | 10 17 21 24 27 | 27.0
Invocations    | 14 23 27 | 27.0

Action                   |  1- 3 |  4- 6 |  7- 9 | 10-12 | 13-15 | 16-18 | 19-21 | 22-24 | 25-27 || total
-------------------------+-------+-------+-------+-------+-------+-------+-------+-------+-------++-------
Melee: Executioner's axe |     1 |       |       |       |     4 |     5 |     8 |     4 |    11 ||    33
Dodge: Dodged            |       |       |       |       |       |     1 |     1 |     1 |     2 ||     5
